 Dungeon Crawl Stone Soup version 0.25.1-4-g9407a263a5 (webtiles) character file.

Game seed: 17549101964958897267

251 Clowwww the Chopper (level 5, -2/40 HPs)
             Began as a Demonspawn Gladiator on Nov 27, 2020.
             Slain by a river rat (9 damage)
             ... on level 4 of the Dungeon on Nov 28, 2020.
             The game lasted 00:12:15 (4406 turns).

Clowwww the Chopper (Demonspawn Gladiator)          Turns: 4406, Time: 00:12:15

Health: -2/40      AC:  3    Str: 15    XL:     5   Next: 88%
Magic:  5/5        EV: 10    Int: 10    God:
Gold:   134        SH:  0    Dex: 14    Spells: 4/4 levels left

rFire    . . .     SeeInvis .   a - +0 war axe
rCold    . . .     Gourm    .   (no shield)
rNeg     . . .     Faith    .   b - +0 leather armour
rPois    .         Spirit   .   (helmet restricted)
rElec    .         Reflect  .   (no cloak)
rCorr    .         Harm     .   (no gloves)
MR       .....                  (no boots)
Stlth    ++........             (no amulet)
HPRegen  0.13/turn              (no ring)
MPRegen  0.09/turn              (no ring)

@: constricted
A: antennae 1, demonic guardian 1
a: no special abilities


You were on level 4 of the Dungeon.
You were very hungry.

You visited 1 branch of the dungeon, and saw 4 of its levels.

You collected 134 gold pieces.

Inventory:

Hand Weapons
 a - a +0 war axe (weapon)
Missiles
 d - 3 throwing nets
 m - 3 javelins (quivered)
 r - 13 poisoned darts
Armour
 b - a +0 leather armour (worn)
 c - a +0 helmet
Scrolls
 e - 2 scrolls of magic mapping
 i - a scroll of teleportation {unknown}
 j - a scroll of noise {unknown}
 k - a scroll of remove curse {unknown}
 l - 3 scrolls of immolation {unknown}
 n - a scroll of enchant weapon {unknown}
 p - a scroll of amnesia {unknown}
 t - 5 scrolls of identify
 u - a scroll of fear {unknown}
Potions
 g - a potion of heal wounds {unknown}
 o - 2 potions of stabbing {unknown}
 q - a potion of lignification {unknown}
 s - a potion of might {unknown}
Comestibles
 f - 8 rations


   Skills:
 + Level 2.9 Fighting
 + Level 4.2 Axes
 + Level 1.9 Throwing
 + Level 2.1 Armour
 + Level 3.5 Dodging
 + Level 1.4 Stealth


You had 4 spell levels left.
You didn't know any spells.
Your spell library was empty.

Dungeon Overview and Level Annotations

Branches:
Dungeon (4/15)
 Temple: D:4-7

Altars:
Ru

Portals:
Sewer: D:4


Innate Abilities, Weirdness & Mutations

You have a pair of small antennae on your head.
A weak demonic guardian rushes to your aid.


Message History

Your ufetubus hits the river rat. You barely miss the ball python.
A hound comes into view.
The ball python completely misses you.
* * * LOW HITPOINT WARNING * * *
The ball python constricts you.
Your ufetubus hits the river rat but does no damage.
Your ufetubus barely misses the river rat.
The river rat closely misses your ufetubus.
The river rat bites your ufetubus. The ball python barely misses you.
* * * LOW HITPOINT WARNING * * *
The ball python constricts you.
Your ufetubus splashes around in the water.
Your ufetubus hits the river rat.
Okay, then.
Your ufetubus disappears in a puff of smoke!
The ball python barely misses you. The ball python constricts you.
You completely miss the ball python. The ball python closely misses you.
The ball python constricts you. The river rat bites you!
You die...

,,*,,,*,,,*...######.............
*,*,*,,,*,*,#......#........8..##
***********##....................
,,,,,,,,,,*#...>..........8...8..
,,,,,,,,,,*#.....................
,,,,,,,,,.##.....<..........>....
,,,,,,,,,........................
,,,,,,,,,.##....5.........8...8..
,,,,,,,,,,.##...@#######....§§.§.
,,,,,,,,,.......rSs≈≈∩#,.#..8....
***,,,*,,........r≈≈≈≈#,*###..§##
* **,,,**.......h.≈≈≈≈#** ##.####
* *,*,,*#.........≈≈≈#** #..##..
* *,**,*............≈#$###.#...#
****,**,,.#.........###.....#....
*,,,,,,,,,#........## ###......W.
*,,,,,,,*,##.......#****#....<..#


You could see a hound, 2 river rats, a giant cockroach, a ball python and a
friendly white imp (summoned).

Vanquished Creatures
  A phantom (D:4)
  A hound skeleton (D:3)
  A gnoll (D:3)
  3 adders
  2 oozes
  A worm (D:2)
  2 dart slugs (D:1)
  4 leopard geckos
  2 orcs (D:3)
  2 ball pythons (D:3)
  2 giant cockroaches
  10 goblins
  9 hobgoblins
  6 jackals
  6 bats
  4 frilled lizards
  10 kobolds
  A quokka skeleton (D:4)
  3 rats
70 creatures vanquished.

Vanquished Creatures (collateral kills)
  A bullfrog skeleton (D:4)
  A worker ant (D:4)
  An adder (D:3)
  A worm (D:4)
  A leopard gecko (D:4)
  A ball python (D:4)
  A bat (D:3)
7 creatures vanquished.

Grand Total: 77 creatures vanquished

Notes
Turn   | Place    | Note
-------+----------+-------------------------------------------
     0 | D:1      | Clowwww the Demonspawn Gladiator began the quest for the
                  | Orb.
     0 | D:1      | Reached XP level 1. HP: 16/16 MP: 1/1
   332 | D:1      | Gained mutation: A weak demonic guardian rushes to your
                  | aid. [demonic ancestry]
   332 | D:1      | Reached XP level 2. HP: 15/22 MP: 2/2
  1037 | D:1      | Reached skill level 3 in Axes
  1684 | D:2      | Reached XP level 3. HP: 15/27 MP: 3/3
  1960 | D:2      | Reached skill level 1 in Armour
  2637 | D:2      | Reached XP level 4. HP: 34/34 MP: 4/4
  2982 | D:3      | Found a sacrificial altar of Ru.
  4001 | D:3      | Gained mutation: You have a pair of small antennae on your
                  | head. [demonic ancestry]
  4001 | D:3      | Reached XP level 5. HP: 31/39 MP: 5/5
  4270 | D:4      | Noticed a phantom
  4282 | D:4      | Noticed a phantom
  4308 | D:4      | Reached skill level 1 in Stealth
  4361 | D:4      | Killed a phantom
  4361 | D:4      | Reached skill level 4 in Axes
  4400 | D:4      | Found a glowing drain.
  4402 | D:4      | HP: 2/40 [ball python (1)]
  4406 | D:4      | Slain by a river rat

Illustrated notes

Levels and vault maps discovered:
D:1:      minmay_arrival_plants_in_alcoves, layout_basic, minmay_heptomino_h4
D:2:      layout_loops_corners
D:3:      layout_basic, nicolae_ru_sacrificial_ziggurat, minmay_pentangle
D:4:      layout_rooms, minmay_overflow_temple_star_quad, portal_sewer_entry_b,
          minmay_misc_feat_alley, grunt_ministairs_2, grunt_decor_resistance,
          uniq_crazy_yiuf_cottage, uniq_grinder

Skill      XL: |  1  2  3  4  5 |
---------------+----------------+-----
Dodging        | 3 |  3.5
Axes           | 3 4 |  4.2
Armour         | 1 2 |  2.1
Stealth        | 1 |  1.4
Fighting       | |  2.9
Throwing       | |  1.9

Action                   |  1- 3 |  4- 6 || total
-------------------------+-------+-------++-------
Melee: War axe           |   129 |   114 ||   243
  Use: Scroll            |       |     3 ||     3
       Potion            |       |     2 ||     2
 Stab: Sleeping          |       |     4 ||     4
  Eat: Chunk             |     5 |     5 ||    10
Armor: Leather armour    |    39 |    24 ||    63
Dodge: Dodged            |   121 |    89 ||   210
